[Event "MCCT Oslo Esports Cup 2022"]
[Site "Oslo"]
[Date "2022.04.20"]
[Round "5.4"]
[White "Duda, Jan-Krzysztof"]
[Black "Le, Quang Liem"]
[Result "1/2-1/2"]
[ECO "A13"]
[WhiteElo "2750"]
[BlackElo "2709"]
[Annotator "TA"]
[PlyCount "111"]
[EventDate "2022.04.14"]
[EventType "tourn"]
[EventCountry "NOR"]
[SourceTitle "playchess.com"]
[Source "ChessBase"]
[SourceQuality "1"]
[TimeControl "900+10"]

1. Nf3 d5 2. c4 e6 3. b3 Nf6 4. Bb2 Be7 5. g3 O-O 6. Bg2 a5 7. Nc3 {[%emt 0:00:23] A13: English Opening: 1...e6.} c6 8. O-O d4 9. Na4 {[%emt 0:00:45] White has an edge.} c5 10. e3 Nc6 11. exd4 cxd4 12. Re1 {[%emt 0:00:02] Prevents e5.} Bd7 13. a3 Re8 14. c5 Rb8 15. Rc1 Bf8 $1 16. Nxd4 Nxd4 17. Bxd4 {[%emt 0:00:00] Threatens to win with Nb6.} Bxa4 18. Bxf6 Qxf6 19. bxa4 Red8 {[%emt 0:00:01] [#]} 20. Re3 $146 ({Predecessor:} 20. Re4 Rd4 21. Qe2 Rc8 22. Rxd4 Qxd4 23. Qe3 Qxe3 24. fxe3 Rxc5 25. Rb1 Rc8 26. Bxb7 {½-½ (50) Gomez Jurado,L (2293)-Fernandez Garcia,G (1993) Barcelona 2019}) 20... Qd4 21. Rec3 Qxd2 22. Qb3 {[%emt 0:01:19] [#]} (22. Qf1 $11) 22... Qd7 ({Better is} 22... Rd3 $1 $15 23. Qc4 Rxc3 24. Qxc3 Qxc3 25. Rxc3 Rc8) 23. h4 g6 24. Qb5 Qc7 25. Qb6 Rdc8 26. Bf3 h5 27. Kg2 Be7 28. R1c2 Qxb6 29. cxb6 Rxc3 30. Rxc3 $15 {[%emt 0:00:01][%cal Bc2c3,Bc3b3,Bb3b5][%mdl 4128] Endgame KRB-KRB} Bd8 {[%emt 0:00:00] Inhibits Rc7.} 31. Rb3 Ra8 32. Rb5 Ra6 33. Bxb7 Rxb6 34. Rxb6 Bxb6 {[%emt 0:00:00] KB-KB} 35. f4 Bc5 36. Kf3 Bxa3 37. Be4 Kf8 38. Bd3 Bb4 39. Bc4 Be1 40. Bd3 Ke7 41. Bc4 Kf6 42. Bb3 Bc3 43. Bc4 e5 44. fxe5+ Bxe5 45. g4 hxg4+ 46. Kxg4 Kg7 47. h5 f5+ 48. Kg5 Bf6+ 49. Kf4 gxh5 50. Kxf5 h4 51. Kg4 Bd8 52. Kh3 Kh8 53. Bb5 Kg7 54. Bc4 $1 Kh8 55. Bb5 $1 Kg7 56. Bc4 $1 {[%emt 0:00:00] Weighted Error Value: White=0.06 (flawless) /Black=0.07 (flawless)} 1/2-1/2

[Event "MCCT Oslo Esports Cup 2022"]
[Site "Oslo"]
[Date "2022.04.20"]
[Round "5.5"]
[White "Giri, Anish"]
[Black "Mamedyarov, Shakhriyar"]
[Result "1/2-1/2"]
[ECO "B40"]
[WhiteElo "2773"]
[BlackElo "2771"]
[Annotator "TA"]
[PlyCount "87"]
[EventDate "2022.04.14"]
[EventType "tourn"]
[EventCountry "NOR"]
[SourceTitle "playchess.com"]
[Source "ChessBase"]
[SourceQuality "1"]
[TimeControl "300+3"]

1. e4 c5 2. Nf3 e6 3. b3 Nc6 4. Bb2 a6 5. c4 d6 6. d4 {[%emt 0:00:18] B40: Sicilian: 2...e6, Unusual lines.} cxd4 7. Nxd4 Nf6 8. Nc3 Qa5 9. Nxc6 bxc6 10. Bd3 {[%emt 0:00:02] [#]} Be7 $146 ({Predecessor:} 10... e5 11. O-O Be7 12. Na4 Bg4 13. Qc2 Nd7 14. Bc3 Qc7 15. f4 f6 16. f5 g5 {1-0 (42) Della Morte,P (2273)-Dominguez Aguilar,G (2321) Mexico City 2020}) 11. O-O O-O 12. Qe1 Qb6 13. Na4 Qa7 14. c5 (14. e5 $16 dxe5 15. Qxe5 (15. Bxe5 Bb7 $16)) 14... dxc5 $14 15. Rc1 Rd8 16. Qe2 c4 17. Rxc4 c5 18. Rfc1 Bd7 19. Bxf6 gxf6 20. Nb2 {[%emt 0:01:40] Black must now prevent Qh5.} Bb5 21. R4c3 Bd6 22. Qg4+ Kf8 23. Nc4 Bxc4 24. Bxc4 {[%emt 0:00:00] Hoping for Rh3.} ({Not} 24. bxc4 Be5 25. Rb3 Rab8 $15) 24... Ke7 {[%emt 0:00:01] [#]} (24... h5 $16 {keeps fighting.} 25. Qxh5 Ke7) 25. Rh3 (25. f4 $1 $18 {is more deadly.}) 25... Rg8 $16 26. Qe2 {[%emt 0:00:07][%cal Oe4e5] &Bianco is more active.} Rg7 27. Rd1 Rag8 28. g3 Be5 29. Kg2 a5 30. Qf3 Qc7 31. Rh6 Rd8 32. Rxd8 Qxd8 33. Qe2 Qd4 34. a4 Qc3 35. Rh4 Bd4 36. Rg4 Rxg4 37. Qxg4 Qd2 38. Qe2 Qxe2 39. Bxe2 $11 {[%emt 0:00:00] KB-KB} Bc3 40. Bh5 Bd4 41. Kf3 Bc3 42. Ke2 f5 43. exf5 exf5 44. Kf3 {[%emt 0:00:03] Weighted Error Value: White=0.10 (very precise) /Black=0.12 (very precise)} 1/2-1/2

[Event "MCCT Oslo Esports Cup 2022"]
[Site "Oslo"]
[Date "2022.04.20"]
[Round "5.5"]
[White "Le, Quang Liem"]
[Black "Duda, Jan-Krzysztof"]
[Result "1-0"]
[ECO "E12"]
[WhiteElo "2709"]
[BlackElo "2750"]
[Annotator "TA"]
[PlyCount "79"]
[EventDate "2022.04.14"]
[EventType "tourn"]
[EventCountry "NOR"]
[SourceTitle "playchess.com"]
[Source "ChessBase"]
[SourceQuality "1"]
[TimeControl "300+3"]

1. d4 Nf6 2. c4 e6 3. Nf3 b6 4. a3 Bb7 5. Nc3 Ne4 6. Nxe4 Bxe4 7. Bf4 Bd6 {[%emt 0:00:44] E12: Queen's Indian: Unusual White 4th moves, 4 a3, 4 Nc3 Bb7 5 a3 and 4 Nc3 Bb7 .} 8. Bg3 Bxf3 9. gxf3 {[%emt 0:00:04] [#]} O-O $146 {[%emt 0:00:02] White is slightly better.} ({Predecessor:} 9... Qf6 10. e3 Nc6 11. Bg2 h5 12. Bxd6 cxd6 13. f4 Rc8 14. O-O h4 15. b3 h3 {½-½ (41) Adelseck,H (2543)-Perry,D (2456) ICCF email 2008}) 10. e3 f5 11. Bxd6 (11. Bd3 {with more complications.} f4 12. c5 bxc5 13. dxc5 Be5 14. Qc2) 11... cxd6 12. f4 Nc6 13. Bg2 {[%emt 0:00:04] next d5 is good for White.} Rc8 14. Rc1 Ne7 15. h4 Rc7 16. h5 Qc8 17. b3 d5 18. h6 dxc4 19. hxg7 Rf7 20. bxc4 Rxg7 21. Bf1 b5 (21... Nd5 $11) 22. c5 $14 a6 23. Kd2 Nd5 24. Bd3 $1 Nf6 25. Qf3 Qd8 26. Ke2 Kh8 27. Qh3 {[%emt 0:00:29] &Bianco is more active.} (27. Rhg1 $16) 27... d6 $11 28. cxd6 Qxd6 29. Qh4 Rxc1 (29... Nd5 $11) 30. Rxc1 $16 Qxa3 31. Rc6 ({White must play} 31. Rc8+ $16 Ng8 32. Qd8 (32. Bc2 Qa2 $14)) 31... Rg6 $1 $11 32. Qh1 Qa2+ 33. Rc2 Qd5 34. Qa1 Rg2 $2 (34... Ng4 $11 {and Black stays safe.}) 35. Qxa6 $18 {[%emt 0:00:12] Strongly threatening Rc5.} b4 $2 (35... Rg1 $16) 36. Rc5 Qd7 {[%emt 0:00:03] [#]} 37. Rb5 $2 (37. Bxf5 $1 $18 {[%mdl 512] has better winning chances.} Qe7 38. Bxe6) 37... Nd5 $2 (37... Qe8 $16) 38. Rb7 Qe8 {[%emt 0:00:03] [#]} 39. Qd6 $2 {[%emt 0:00:04] Really sharp!} (39. Qa7 $1 $18 {Rb8 is the strong threat.} Qh5+ 40. Kd2 Rxf2+ 41. Ke1 Qh1+ 42. Kxf2 Qh2+ 43. Ke1 Qg1+ 44. Kd2 Qf2+ 45. Kc1 Qe1+ 46. Kb2 Qc3+ 47. Ka2 Qd2+ 48. Kb3 Qxd3+ 49. Ka4 Qa3+ 50. Kb5 Qxa7 51. Rxa7) 39... Nf6 $2 (39... Qh5+ $11 40. Kd2 Rxf2+ 41. Ke1 Qh1+ 42. Kxf2 Qh2+ 43. Kf1 Qh1+ 44. Kf2 Qh2+ 45. Kf1 Qh1+ 46. Kf2) 40. Rb8 {[%emt 0:00:01] Weighted Error Value: White=0.35/Black=0.49} 1-0

[Event "MCCT Oslo Esports Cup 2022"]
[Site "Oslo"]
[Date "2022.04.20"]
[Round "5.6"]
[White "Mamedyarov, Shakhriyar"]
[Black "Giri, Anish"]
[Result "1-0"]
[ECO "E60"]
[WhiteElo "2771"]
[BlackElo "2773"]
[Annotator "TA"]
[PlyCount "79"]
[EventDate "2022.04.14"]
[EventType "tourn"]
[EventCountry "NOR"]
[SourceTitle "playchess.com"]
[Source "ChessBase"]
[SourceQuality "1"]
[TimeControl "300+3"]

1. d4 Nf6 2. c4 g6 3. Nf3 Bg7 4. e3 O-O 5. Be2 c5 6. d5 {[%emt 0:00:01] E60: King's Indian: Unusual lines and Fianchetto Variation without Nc3.} d6 7. O-O e6 8. Nc3 {[%emt 0:00:02] White has an edge.} Re8 9. h3 $5 {[%emt 0:00:03][%mdl 4] Exploring less charted territory.} exd5 10. cxd5 Na6 11. Bd3 {[%emt 0:00:07] [#]} Rb8 $146 ({Predecessor:} 11... Nc7 12. e4 b5 13. Re1 c4 14. Bc2 b4 15. Nb1 a5 16. Nbd2 {½-½ (16) Papin,V (2513)-Johansen,D (2404) Sydney 2015}) 12. Re1 Bd7 ({Black should try} 12... Nc7 $11) 13. e4 $14 b5 14. Bf4 (14. a4 $14) 14... c4 $15 15. Bc2 b4 16. Na4 ({Better is} 16. Ne2 $15) 16... b3 (16... Bxa4 $17 17. Bxa4 Rxe4 18. Rxe4 Nxe4) 17. axb3 $11 cxb3 18. Bd3 Nb4 19. Nc3 (19. Bxd6 Nxd3 20. Qxd3 Bb5 $17) 19... Qc7 (19... Nh5 $1 $11 20. Bg5 (20. Bxd6 Bxc3 21. bxc3 Nxd3 $11) 20... Qc8) 20. Bh2 (20. Rc1 $1 $16) 20... a5 21. e5 Nfxd5 22. exd6 $2 (22. Nxd5 $11 {and White stays safe.} Nxd5 23. Rc1) 22... Rxe1+ $19 23. Qxe1 (23. Nxe1 $142 Qc6 24. Na4) 23... Qc5 24. Ne4 {[%emt 0:00:46] [#]} Qc6 ({Inferior is} 24... Nxd3 25. Nxc5 Nxe1 26. Nxd7 (26. Rxe1 Nb6 $11) 26... Nxf3+ 27. gxf3 $11) 25. Qd2 Nxd3 26. Qxd3 Bxb2 {[%emt 0:00:02] A strong pair of Bishops.} 27. Ne5 $2 (27. Re1 {was the only defense.} Bg7 28. Ne5) 27... Bxe5 $2 ({Resist} 27... Bxa1 28. Nxc6 Bxc6 29. d7 $18) (27... Qb5 $19 28. Qxb5 Rxb5) 28. Bxe5 $11 b2 {[%emt 0:00:13] [#]} (28... Bf5 $11 {keeps the balance.} 29. d7 Rd8 30. Qxd5 Bxe4 31. Qxb3 Bxg2) 29. Rb1 $1 $16 {[%emt 0:00:07][%cal Od3d5] aiming for Qxd5! &Bianco is more active.} Bf5 $2 (29... Rb5 $14) 30. Rxb2 $18 {[%emt 0:00:17] Dancing on a razor blade.} Rxb2 31. Bxb2 {[%emt 0:00:00] Strongly threatening Nf6+.} Bxe4 (31... Qb6) 32. Qxe4 Kf8 33. Qe5 f6 34. Qe6 Qb6 35. Bxf6 (35. Ba3 $142 Qb3 36. d7+ Qxa3 37. d8=Q+ Kg7 38. Qexd5 Qc1+ 39. Qd1 Qxd1+ 40. Qxd1) 35... Nxf6 36. Qxf6+ {[%emt 0:00:00] White mates.} Kg8 37. Qe6+ Kg7 38. Qe7+ Kh6 39. d7 Qb1+ 40. Kh2 {[%emt 0:00:02] Weighted Error Value: White=0.42/Black=0.81} 1-0

[Event "MCCT Oslo Esports Cup 2022"]
[Site "Oslo"]
[Date "2022.04.20"]
[Round "5.6"]
[White "Duda, Jan-Krzysztof"]
[Black "Le, Quang Liem"]
[Result "0-1"]
[ECO "D32"]
[WhiteElo "2750"]
[BlackElo "2709"]
[Annotator "TA"]
[PlyCount "140"]
[EventDate "2022.04.14"]
[EventType "tourn"]
[EventCountry "NOR"]
[SourceTitle "playchess.com"]
[Source "ChessBase"]
[SourceQuality "1"]
[TimeControl "300+3"]

1. Nf3 Nf6 2. c4 c5 3. Nc3 Nc6 4. e3 e6 5. d4 d5 6. cxd5 exd5 7. Bb5 cxd4 8. Nxd4 Bd7 9. O-O Bd6 10. Nf3 a6 11. Be2 Bg4 12. h3 Bh5 13. Nh4 Bxe2 14. Nxe2 O-O 15. b3 Ne4 16. Nf3 Qf6 17. Rb1 Rad8 18. Bb2 Qg6 19. Rc1 Rfe8 20. a3 h6 21. b4 Bb8 22. Ned4 Ne5 23. Nxe5 Bxe5 24. Qe2 {[%emt 0:00:04] [#]} (24. Qc2 $11 {remains equal.}) 24... Qf6 (24... Ng5 $1 $17 {White must now prevent ...Nxh3+.} 25. h4 Nh3+ 26. Kh1 {[#]} Nf4 $1 27. exf4 Bxd4) 25. Qg4 Nd2 26. Rfd1 Nc4 27. Rc2 b5 28. Bc1 g6 29. Rd3 h5 30. Qd1 Qb6 31. Bb2 Bg7 32. Ba1 Ne5 33. Rdc3 Nc4 34. Rd3 Ne5 $1 35. Rb3 Rc8 36. Ra2 Nc4 37. Rb1 (37. a4 $14) 37... Nd6 $11 38. Rd2 Ne4 39. Rd3 Rc4 40. Qe1 Rec8 41. Rbd1 Qc7 42. Bb2 Qe5 43. Qf1 Qf6 44. Ba1 Qb6 45. Qe1 Qc7 46. Bb2 Qe5 47. f3 Nf6 (47... Nd6 $11) 48. R3d2 Qe7 49. Qf2 Nd7 50. Re2 ({White should play} 50. e4 $11) 50... Re8 (50... Nb6 $15) 51. Qg3 Be5 52. f4 Bf6 53. f5 (53. e4 $11) 53... h4 (53... Be5 $17 54. Qf3 Nf6) 54. Qf3 $11 Qe4 55. fxg6 fxg6 56. Qxe4 Rxe4 57. Kf2 Nb6 58. Ba1 Rc7 59. Nf3 Bxa1 60. Rxa1 Rc3 61. Ng5 Re5 62. Nf3 Re4 63. Raa2 Nc4 64. a4 $1 Nxe3 65. axb5 axb5 66. Ra8+ Kg7 67. Ra7+ ({Better is} 67. Rea2 $15 Rc2+ 68. Rxc2 Nxc2 69. Rb8) 67... Kh6 $17 68. Rd2 $2 (68. Nxh4 $17 Rf4+ 69. Nf3 Nxg2 70. Kxg2 Rfxf3 71. Rb7) 68... Rc1 ({Wrong is} 68... Rxb4 $2 69. Rda2 $19) 69. g4 $2 (69. Ra8 Nd1+ 70. Kg1) 69... hxg3+ $1 $19 70. Kxg3 Nf1+ 0-1

[Event "MCCT Oslo Esports Cup 2022"]
[Site "Oslo"]
[Date "2022.04.20"]
[Round "6.1"]
[White "Carlsen, Magnus"]
[Black "Hansen, Eric"]
[Result "1-0"]
[ECO "D85"]
[WhiteElo "2864"]
[BlackElo "2606"]
[Annotator "TA"]
[PlyCount "63"]
[EventDate "2022.04.14"]
[EventType "tourn"]
[EventCountry "NOR"]
[SourceTitle "playchess.com"]
[Source "ChessBase"]
[SourceQuality "1"]
[TimeControl "900+10"]

1. d4 Nf6 2. c4 g6 3. Nc3 d5 4. cxd5 Nxd5 5. e4 Nxc3 6. bxc3 Bg7 7. Qa4+ c6 8. Nf3 Nd7 9. Be2 O-O 10. O-O {[%emt 0:01:42] D85: Exchange Grünfeld: Unusual White 7th moves and lines with 7 Nf3.} b5 11. Qc2 Nb6 {[%emt 0:00:01] Inhibits a4.} 12. Bf4 {[%emt 0:00:57] [#] White is slightly better.} Bg4 $146 ({Predecessor:} 12... a6 13. Rad1 Be6 14. Ne5 Qc8 15. Nd3 Na4 16. Bg5 Qc7 17. Rc1 Rad8 18. Qd2 Bc4 {½-½ (39) Remlinger,L (2402)-Troff,K (2257) Los Angeles 2012}) 13. Ne5 Bxe2 14. Qxe2 Bxe5 15. Bxe5 Nc4 16. Bf4 Qa5 17. Rac1 f6 18. h4 Rad8 19. Rfd1 e5 20. Bh6 Rfe8 21. Qg4 (21. a4 $14 {feels stronger.}) 21... Qc7 (21... Qxa2 $2 22. h5 (22. Ra1 f5 $16) 22... Qa3 23. hxg6 $18) 22. Rd3 Qd7 23. Qg3 Qe6 24. Re1 Rd7 25. f4 Kh8 $2 {[%emt 0:00:29][%mdl 8192] Black cannot hold the game after this.} (25... exf4 $15 {stays ahead.} 26. Bxf4 f5) 26. fxe5 $18 fxe5 27. Rf1 {[%emt 0:01:38] [#] Strongly threatening Rdf3. White is clearly winning.} Rf7 (27... Rdd8 $142 28. Bg5 Rc8 29. Bf6+ Kg8) 28. Rxf7 Qxf7 29. Rf3 Qe7 30. h5 Qd6 31. Qf2 {[%emt 0:02:25] [#] Intending Rf6 and mate.} gxh5 32. Bg5 {[%emt 0:00:29] Weighted Error Value: White=0.12 (very precise) /Black=0.59} 1-0

[Event "MCCT Oslo Esports Cup 2022"]
[Site "Oslo"]
[Date "2022.04.20"]
[Round "6.1"]
[White "Giri, Anish"]
[Black "Le, Quang Liem"]
[Result "0-1"]
[ECO "E52"]
[WhiteElo "2773"]
[BlackElo "2709"]
[Annotator "TA"]
[PlyCount "114"]
[EventDate "2022.04.14"]
[EventType "tourn"]
[EventCountry "NOR"]
[SourceTitle "playchess.com"]
[Source "ChessBase"]
[SourceQuality "1"]
[TimeControl "900+10"]

1. d4 Nf6 2. c4 e6 3. Nc3 Bb4 4. Nf3 O-O 5. e3 d5 6. Bd2 b6 7. cxd5 exd5 8. Bd3 Bb7 9. Qc2 {[%emt 0:00:04] E52: Nimzo-Indian: Rubinstein: 4...0-0 5 Nf3 d5 6 Bd3 b6.} c5 10. O-O c4 11. Be2 {[%emt 0:00:02] The position is equal.} Nc6 12. b3 cxb3 {[%emt 0:03:02] [#]} 13. Qxb3 $146 ({Predecessor:} 13. axb3 Bd6 14. Rfc1 Rc8 15. Qf5 Re8 16. g3 g6 17. Qg5 Na5 18. Bd1 Be7 19. Qf4 {0-1 (49) Knoeppel,P (1873)-Warzecha,H (2221) ICCF email 2016}) 13... Rc8 14. Ne5 {[%emt 0:00:36] Black must now prevent Nxc6.} Ba5 15. Nxc6 Rxc6 16. Rac1 Qc8 17. Qb2 Qf5 (17... Bxc3 $5 18. Rxc3 Rxc3 19. Bxc3 Ba6 $11) 18. Bb5 Rcc8 19. Nb1 Bxd2 20. Nxd2 Rxc1 21. Rxc1 {[%emt 0:00:04] And now Rc7 would win.} Rc8 {[%emt 0:00:00] Prevents Rc7.} 22. f3 h6 23. a4 Qe6 24. Kf2 Bc6 25. Bxc6 Rxc6 26. Nb1 a6 27. Rc3 Ne8 28. Qb3 Nc7 29. Rxc6 Qxc6 30. Nc3 b5 31. axb5 axb5 32. Ke2 Qc4+ (32... Qg6 $11 {remains equal.} 33. g3 Qh5) 33. Qxc4 $16 dxc4 {[%emt 0:00:00][%mdl 4096] Endgame KN-KN} 34. d5 b4 {[%emt 0:00:18] [#]} 35. d6 $1 Ne6 36. Nd5 b3 37. Kd2 Kf8 38. d7 f5 39. Kc3 Kf7 40. h4 g5 41. h5 (41. Nb6 $14 {deserves consideration.}) 41... Kf8 $1 $11 42. f4 gxf4 43. exf4 Kf7 44. Ne3 ({Don't play} 44. Kxc4 b2 45. Nc3 Ke7 $17) 44... Ke7 45. Nxf5+ Kxd7 46. g3 Nc5 {[%emt 0:00:03] Hoping for ...Na4+.} 47. Ne3 $1 (47. Kxc4 $2 {[#]} b2 $1 48. Kxc5 b1=Q $19) ({Avoid the trap} 47. Nxh6 $2 Na4+ 48. Kd2 c3+ 49. Kd3 c2 $19) 47... Na4+ 48. Kd2 $1 ({Not} 48. Kxc4 $2 b2 49. Ng4 b1=Q $19) 48... c3+ 49. Kc1 $2 {[%emt 0:00:21][%mdl 8192] White does not recover from this.} (49. Kd3 $11) 49... Nc5 {[%emt 0:00:07] Black mates.} 50. f5 Nd3+ 51. Kb1 Kd6 52. g4 c2+ 53. Nxc2 bxc2+ 54. Kxc2 Ne5 55. g5 hxg5 56. h6 Nf7 57. h7 Ke5 {[%emt 0:00:01] Weighted Error Value: White=0.16 (very precise) /Black=0.09 (flawless)} 0-1

[Event "MCCT Oslo Esports Cup 2022"]
[Site "Oslo"]
[Date "2022.04.20"]
[Round "6.1"]
[White "Duda, Jan-Krzysztof"]
[Black "Praggnanandhaa R"]
[Result "1-0"]
[ECO "A20"]
[WhiteElo "2750"]
[BlackElo "2624"]
[Annotator "TA"]
[PlyCount "129"]
[EventDate "2022.04.14"]
[EventType "tourn"]
[EventCountry "NOR"]
[SourceTitle "playchess.com"]
[Source "ChessBase"]
[SourceQuality "1"]
[TimeControl "900+10"]

1. c4 e5 2. Nf3 e4 3. Nd4 Nc6 4. Nxc6 dxc6 5. Nc3 Nf6 6. e3 {[%emt 0:00:03] A20: English Opening: 1...e5.} Bf5 7. Qb3 b6 8. Qc2 {[%emt 0:00:08] Black has an edge.} Qd7 9. b3 h5 10. Bb2 Be7 11. h3 h4 12. O-O-O O-O-O {[%emt 0:00:09] [#]} 13. Kb1 $146 ({Predecessor:} 13. Rg1 Rhg8 14. g4 hxg3 15. fxg3 Qe6 16. Ne2 c5 17. g4 Bh7 18. Nf4 Qd6 19. g5 {1-0 (32) Strunski,A (2306)-Kobo,O (2505) Douglas 2018}) 13... Kb8 14. Ne2 c5 15. g4 $1 hxg3 16. Nxg3 Bxh3 17. Bxh3 Rxh3 18. Rxh3 Qxh3 19. Bxf6 Bxf6 20. Qxe4 g6 21. Kc2 Qd7 22. Ne2 Bg7 23. d3 Qd6 {[%emt 0:02:00] White should prevent ...Qf6.} 24. Qf4 Qe6 25. Rg1 (25. d4 $11) 25... Rd6 26. Qg5 Bf6 27. Qf4 Bg7 28. Rd1 f5 29. d4 Qf6 30. Rd3 g5 31. Qf3 f4 32. exf4 cxd4 33. Ng3 Rd8 (33... gxf4 34. Ne4 Qh6 35. Nxd6 Qxd6 36. Qe4 $16) (33... Qxf4 34. Qxf4 gxf4 35. Nf5 $14) 34. Nh5 Qe7 35. Nxg7 Qxg7 $11 {[%emt 0:00:01][%mdl 4096] Endgame KQR-KQR} 36. Qg4 Rf8 37. Qxg5 Qh7 38. Qe5 Rd8 39. f5 Qh4 40. Rg3 Qh2 41. Qf4 d3+ 42. Kd2 Qh8 (42... Qh1 $11 {keeps the balance.} 43. Rxd3 (43. Rg7 Rc8 $11) 43... Re8) 43. f6 $16 {[%emt 0:00:07] [#] Black must now prevent Rg7.} ({Don't go for} 43. Rxd3 $2 Qb2+ 44. Ke3 Qc1+ 45. Ke2 Qxf4 $19) 43... Qh5 {[%emt 0:00:12] ( -> ...Qe2+). Loses the game.} 44. Rxd3 Rf8 (44... Qa5+ 45. Ke2 Qxa2+ 46. Qd2 Re8+ 47. Kf3 Qxd2 48. Rxd2 Rf8) 45. Rd7 $18 Qc5 46. f7 Kc8 47. Rd5 Qa3 48. Qf3 Qxa2+ (48... Qb2+ $142 49. Kd3 Qxa2) 49. Ke1 {[%emt 0:00:07] Threatens to win with Qe4.} (49. Ke3 Qa1 50. Qf5+ Kb8 $18) 49... Kb8 50. Qe4 {[%emt 0:00:05] Strongly threatening Qe8+.} Qa1+ 51. Ke2 {[%emt 0:00:05] aiming for Re5.} Qg7 52. Rd7 ({Less strong is} 52. Qe8+ Kb7 $18) 52... Rc8 $2 (52... Qb2+ 53. Kf3 Qf6+ 54. Ke3 Rh8) 53. Re7 Qb2+ 54. Kf1 Qa1+ 55. Qe1 Qf6 56. Qe6 Qa1+ 57. Kg2 {[%emt 0:00:03][%cal Oe6c8] Qxc8+! would kill now. Active counter play!} Qg7+ 58. Kf3 Qc3+ 59. Kg4 Qg7+ 60. Kf4 {[%emt 0:00:16] Intending Re8 and mate.} Qd4+ 61. Kg3 {[%emt 0:00:01] White wants to mate with Re8.} Qg7+ {[%emt 0:00:03] [#]} 62. Qg4 $1 Qc3+ 63. Kg2 Qf6 64. Re8 Qc6+ 65. Qe4 {[%emt 0:00:01] Weighted Error Value: White=0.13 (very precise) /Black=0.35} 1-0

[Event "MCCT Oslo Esports Cup 2022"]
[Site "Oslo"]
[Date "2022.04.20"]
[Round "6.1"]
[White "Van Foreest, Jorden"]
[Black "Mamedyarov, Shakhriyar"]
[Result "1/2-1/2"]
[ECO "A21"]
[WhiteElo "2714"]
[BlackElo "2771"]
[Annotator "TA"]
[PlyCount "91"]
[EventDate "2022.04.14"]
[EventType "tourn"]
[EventCountry "NOR"]
[SourceTitle "playchess.com"]
[Source "ChessBase"]
[SourceQuality "1"]
[TimeControl "900+10"]

1. c4 e5 2. Nc3 Bb4 3. Nd5 Be7 4. Nf3 d6 5. e3 Nf6 6. Nxe7 {[%emt 0:00:09] A21: English Opening: 1...e5 2 Nc3.} Qxe7 7. d4 e4 {[%emt 0:01:17] [#]} 8. Ng1 $146 {[%emt 0:00:52][%cal Bf3g1,Bg1e2,Be2c3][%mdl 32] The position is equal.} ({Predecessor:} 8. Nd2 O-O 9. Be2 c5 10. d5 Bf5 11. g4 Bg6 12. h4 h6 13. b3 Nbd7 14. Bb2 {1-0 (45) Aleksandrov,A (2582)-Ameir,M (2309) Chennai 2019}) 8... c5 9. Ne2 Nc6 10. h3 O-O 11. Nc3 {[%emt 0:02:08] Inhibits d5.} Nb4 12. d5 Bf5 13. a3 Nd3+ 14. Bxd3 exd3 15. f3 {[%emt 0:01:17] Prevents Ne4.} (15. O-O $1 $14 {might be stronger.}) 15... Nd7 {[%emt 0:01:18] [#]} (15... Nh5 $1 $11 16. O-O Bxh3 $1) 16. O-O $1 $16 Bg6 17. b3 Rae8 18. Bd2 a6 19. a4 a5 ({Black should play} 19... h6 $14) 20. Qe1 f5 21. Nb5 f4 (21... b6 $16 22. Qd1 Ne5) 22. e4 $18 ({But not} 22. exf4 Qf6 23. Qc1 Re2) 22... b6 (22... Ne5 $142 23. Bxa5 Bh5) 23. Nc7 Rf6 24. Nxe8 Bxe8 25. Bc3 Ne5 26. Rd1 Rg6 27. Bxe5 Qxe5 28. Rxd3 Bd7 29. Kh2 Rg3 30. Rf2 Kf7 31. Rd1 h5 32. Qd2 h4 33. Rh1 Ke7 34. Qb2 Kf6 35. Qc1 Ke7 36. Kg1 Kd8 37. Qb2 Rg5 38. Kf1 Qxb2 39. Rxb2 {[%emt 0:00:02][%mdl 4096] Endgame KRR-KRB} Re5 40. Ke2 Ke7 41. Kd3 Kf6 42. Re2 Kf7 43. Ree1 Kf6 44. Re2 Kf7 $1 45. Ree1 Kf6 $1 46. Re2 $2 {[%emt 0:00:00] Weighted Error Value: White=0.19 (very precise) /Black=0.15 (very precise)} ({Better is} 46. Kc3 $18) 1/2-1/2

[Event "MCCT Oslo Esports Cup 2022"]
[Site "Oslo"]
[Date "2022.04.20"]
[Round "6.2"]
[White "Mamedyarov, Shakhriyar"]
[Black "Van Foreest, Jorden"]
[Result "0-1"]
[ECO "D74"]
[WhiteElo "2771"]
[BlackElo "2714"]
[Annotator "TA"]
[PlyCount "66"]
[EventDate "2022.04.14"]
[EventType "tourn"]
[EventCountry "NOR"]
[SourceTitle "playchess.com"]
[Source "ChessBase"]
[SourceQuality "1"]
[TimeControl "900+10"]

1. d4 Nf6 2. c4 g6 3. Nc3 Bg7 4. g3 O-O 5. Bg2 Nc6 6. Nf3 d5 $1 {[%emt 0:00:31] 6...d5 scores better than 6...d6.} 7. cxd5 Nxd5 8. O-O e5 {[%emt 0:00:02][%cal Re5d4] D74: Fianchetto Grünfeld: Main Line (5 Nf3 0-0 6 cxd5 Nxd5 7 0-0).} 9. Bg5 Nxc3 10. bxc3 Qd6 {[%emt 0:00:12][%cal Re5d4] The position is equal.} 11. dxe5 Qxd1 12. Rfxd1 Nxe5 {[%emt 0:00:01] [#]} 13. Nd4 $146 ({Predecessor:} 13. Nxe5 Bxe5 14. Rab1 Rb8 15. Bh6 Re8 16. Bc6 Bf5 17. Bxe8 Bxb1 18. Rxb1 Rxe8 19. Rxb7 {1-0 (40) Torres,J (2287)-Mendoza,R (2303) El Bagre 2019}) 13... c6 14. Rab1 Re8 15. a4 Nc4 16. h4 h6 17. Bf4 Nb6 18. a5 Nd5 (18... Na4 $1 $11) 19. Bxd5 $16 cxd5 20. Nb5 {[%emt 0:00:05] aiming for Nc7.} Bf5 {[%emt 0:00:42] [#]} (20... Rxe2 $2 21. Nc7 Rb8 22. Na6 $18) 21. Rb2 {[%emt 0:00:02] Strongly threatening Nc7.} Rad8 22. Nd6 Bxc3 23. Rxb7 Rxe2 (23... Bc2 $2 24. Rc1 Rxe2 25. Nxf7 $18 (25. Kf1 Bd2 $16)) 24. Nxf7 Rd7 25. Nxh6+ Kh7 26. a6 Be6 27. Rxd7+ ({White should try} 27. Rdb1 $16 Rg7 28. Rxg7+ Bxg7 29. Rb7) 27... Bxd7 $11 {[%emt 0:00:00] This bishop pair is nice.} 28. Nf7 ({Don't blunder} 28. Rxd5 $2 Re1+ 29. Kh2 Bc6 30. Rd7+ Bxd7 $19) 28... d4 29. Ng5+ Kg8 $1 30. Rb1 Bb2 31. Nf3 Bf5 32. Re1 d3 33. Be3 $2 {[%emt 0:00:47][%mdl 8192] [#]} (33. Rd1 $11) 33... Be4 {[%emt 0:00:40] Weighted Error Value: White=0.34/Black=0.06 (flawless)} 0-1